 Dungeon Crawl Stone Soup version 0.29.1-15-g9cfb28693d (webtiles) character file.

Game seed: 11535504066369724243

20 Lovchig the Trooper (level 2, 0/27 HPs)
             Began as a Minotaur Fighter on Mar 6, 2023.
             Slain by an orc
             ... wielding a +0 mace
              (2 damage)
             ... on level 2 of the Dungeon.
             The game lasted 00:01:16 (417 turns).

Lovchig the Trooper (Minotaur Fighter)               Turns: 417, Time: 00:01:17

Health: 0/27       AC:  7    Str: 20    XL:     2   Next: 58%
Magic:  1/1        EV:  9    Int:  5    God:
Gold:   46         SH:  4    Dex:  9    Spells: 1/1 levels left

rFire   . . .      SeeInvis .   a - +0 war axe
rCold   . . .      Faith    .   c - +0 buckler
rNeg    . . .      Spirit   .   b - +0 scale mail
rPois   .          Reflect  .   (helmet restricted)
rElec   .          Harm     .   (no cloak)
rCorr   .          Rampage  .   (no gloves)
Will    .....                   (no boots)
Stlth   ..........              (no amulet)
HPRegen 0.09/turn               (no ring)
MPRegen 0.07/turn               (no ring)

@: studying Axes
A: horns 2, retaliatory headbutt
a: no special abilities


You were on level 2 of the Dungeon.
You visited 1 branch of the dungeon, and saw 2 of its levels.

You collected 46 gold pieces.

Inventory:

Hand Weapons
 a - a +0 war axe (weapon)
Armour
 b - a +0 scale mail (worn)
 c - a +0 buckler (worn)
Scrolls
 f - a scroll of immolation {unknown}
 h - a scroll of identify {unknown}
Potions
 d - a potion of might
 e - a potion of lignification {unknown}
 g - a potion of cancellation {unknown}
 i - 2 potions of attraction {unknown}


   Skills:
 + Level 4.0 Fighting
 + Level 3.0 Axes
 + Level 4.0 Armour
 + Level 3.9 Shields


You had one spell level left.
You didn't know any spells.
Your spell library was empty.

Dungeon Overview and Level Annotations

Branches:
Dungeon (2/15)

Altars:


Innate Abilities, Weirdness & Mutations

You have a pair of horns on your head.
You reflexively headbutt those who attack you in melee.


Message History

An orc comes into view. It is wielding a +0 dagger.
An orc comes into view. It is wielding a +0 falchion.
An orc comes into view. It is wielding a +0 mace.
The orc shouts!
The orc hits you but does no damage.
An orc comes into view. It is wielding a +0 mace.
The orc shouts!
You hit the orc.
The orc is heavily wounded.
The orc hits you but does no damage. x2; You block the orc's attack.
The orc attacks as you move away! The orc hits you with a +0 falchion.
The orc attacks as you move away! The orc hits you with a +0 dagger.
The orc attacks as you move away! The orc hits you with a +0 dagger.
The orc attacks as you move away! The orc misses you.
The orc attacks as you move away! The orc hits you but does no damage.
The orc attacks as you move away! The orc hits you with a +0 falchion.
The orc attacks as you move away! The orc hits you with a +0 falchion.
* * * LOW HITPOINT WARNING * * *
You hit the orc.
The orc is heavily wounded.
The orc hits you with a +0 falchion.
* * * LOW HITPOINT WARNING * * *
You slash the orc!
You kill the orc!
Your Fighting skill increases to level 4!
The orc hits you with a +0 mace.
* * * LOW HITPOINT WARNING * * *
You closely miss the orc. You block the orc's attack.
You slash the orc!
You kill the orc!
Your Axes skill increases to level 3!
You hit the orc.
You kill the orc!
Your Armour skill increases to level 4!
You closely miss the orc. The orc hits you with a +0 mace.
* * * LOW HITPOINT WARNING * * *
You closely miss the orc. The orc hits you with a +0 mace.
* * * LOW HITPOINT WARNING * * *
The orc hits you with a +0 mace.
You die...

##############
#.....@o.....#
############.#
#.# #o# #)#
+.......# #o#
#.......# #.#
#.......# #.#
#.......# #.#


You could see an orc.

Vanquished Creatures
  A dart slug (D:1)
  3 orcs (D:2)
  3 giant cockroaches (D:1)
  2 quokkas (D:1)
  A ball python (D:1)
  2 bats (D:1)
  A frilled lizard (D:2)
  2 rats (D:1)
15 creatures vanquished.

Notes
Turn   | Place    | Note
-------+----------+-------------------------------------------
     0 | D:1      | Lovchig the Minotaur Fighter began the quest for the Orb.
     0 | D:1      | Reached XP level 1. HP: 19/19 MP: 0/0
   162 | D:1      | Reached XP level 2. HP: 27/27 MP: 1/1
   332 | D:1      | You fall into a shaft and drop 1 floor!
   417 | D:2      | Slain by an orc

Illustrated notes

Levels and vault maps discovered:
D:1:      onia_arrival_mini_maze, layout_basic,
          dreamdust_ecumenical_altar_angels_and_demons, serial_shops,
          nicolae_square_shop, serial_bayou_pond_a
D:2:      layout_basic, basic_altar, solitary_fountain,
          kennysheep_generic_room_2

Skill      XL: |  1  2 |
---------------+-------+-----
Fighting       | 4 |  4.0
Axes           | 3 |  3.0
Armour         | 4 |  4.0
Shields        | |  3.9

Action                   || total
-------------------------++-------
Melee: War axe           ||    27
       Headbutt          ||     1
Armor: Scale mail        ||    13
Dodge: Dodged            ||     9
Block: Buckler           ||     5
